 Dungeon Crawl Stone Soup: Circus Animals version 1.7-37-g2c94cca (webtiles) character file.

240 Ihatecarrots00 the Magician (level 8, 103/103 HPs) *EASY*
             Began as a High Elf Fire Elementalist on May 10, 2017.
             Quit the game on level 1 of the Lair of Beasts on May 11, 2017.
             The game lasted 00:36:45 (10094 turns).

Ihatecarrots00 the Magician (HEFE)                 Turns: 10094, Time: 00:36:45

Health: 103/103    AC:  4    Str:  7    XL:     8   Next: 55%
Magic:  150/150    EV: 18    Int: 19    God:
Gold:   542        SH:  0    Dex: 18    Spells: 2 memorised, 12 levels left

rFire  . . .     rPois    .     (no weapon)
rCold  . . .     rElec    .     a - +2 robe
rNeg   . . .     rCorr    .     (no shield) MagicSh . . . SeeInvis .
                                (no helmet) StaminaSh . . . Faith .
                                (no cloak) RegenHP +++.......
SustAt .                        (no gloves) RegenSP ++++...... Dismiss .
                                (no boots) RegenMP ++++...... Reflect .
                                (no amulet)
MR     .....     Harm     .     (no ring)
Stlth  +++.......               (no ring)

@: slow, not resistant to hostile enchantments, fairly stealthy
A: clean dna 2, focussed dna 2
a: no special abilities


You were on level 1 of the Lair of Beasts.
You were not hungry.

You visited 2 branches of the dungeon, and saw 8 of its levels.

You collected 542 gold pieces.

Inventory:

Armour
 a - a +2 robe (worn)
 e - a +0 robe
 k - a +1 helmet
 m - a +1 pair of gloves of dexterity
Jewellery
 b - a +3 ring of evasion
 d - an uncursed ring of flight {unknown}
 f - a +2 ring of protection {unknown}
 g - an uncursed ring of fire {unknown}
 h - an uncursed ring of magical power {unknown}
 j - a +3 ring of evasion
 l - an uncursed amulet of rage {unknown}
Wands
 c - a wand of iceblast (0/10)
 i - a wand of polymorph (7/24)
Scrolls
 e - 2 scrolls of noise
 j - 8 scrolls of remove curse
 l - 5 scrolls of identify
 m - 5 scrolls of enchant weapon
 p - 2 scrolls of fog
 t - 4 scrolls of teleportation
 v - 2 scrolls of immolation
 y - a scroll of fear
Potions
 b - a potion of might {unknown}
 c - 10 potions of stamina
 d - 5 potions of magic
 f - 4 potions of haste
 g - 5 potions of agility {unknown}
 h - a potion of degeneration {unknown}
 i - 4 potions of lignification {unknown}
 k - 13 potions of curing {unknown}
 n - 3 potions of ambrosia {unknown}
 o - 3 potions of beneficial mutation {unknown}
 q - 2 potions of resistance {unknown}
 r - 2 potions of cancellation {unknown}
 s - 5 potions of brilliance {unknown}
 u - 2 potions of flight {unknown}
 w - 2 potions of mutation {unknown}
 x - 2 potions of invisibility {unknown}
 A - a potion of berserk rage {unknown}
Books
 a - a book of Flames

   Spells                             Type                      Level
   a - Flame Tongue                   Fire                         1
   b - Conjure Flame                  Conjuration/Fire             3
   c - Inner Flame                    Hexes/Fire/Time              3
   d - Sticky Flame                   Conjuration/Fire/Time        4
   e - Fireball                       Conjuration/Fire/Light       5
   f - Bolt of Magma                  Conjuration/Fire/Earth       5


   Skills:
 - Level 4.3 Dodging
 + Level 4.5 Stealth
 + Level 4.7 Spellcasting
   Level 1.0 Conjurations
 + Level 4.6 Fire Magic


You had 12 spell levels left.
You knew the following spells:

 Your Spells              Type           Power        Failure   Level  Hunger
a - Flame Tongue          Fire           #.........   3%          1    ##.....
b - Inner Flame           Hex/Fire/Time  #.........   10%         3    ###....


Dungeon Overview and Level Annotations

Branches:
Dungeon (7/7)                Lair (1/7) D:7

Altars:
Ashenzari
Fedhas
Makhleb
Nemelex Xobeh
Xom
Zin


Innate Abilities, Weirdness & Mutations

You have a better chance of losing mutations.
New mutations are much more likely to enhance existing mutations.


Message History

Okay, then.
There is a collapsed entrance here.
You can't go down here!
You can't go up here!
Exploring the dungeon...
Key pressed, stopping explore.
Exploring the dungeon...
Key pressed, stopping explore.
Exploring the dungeon...
Your magical contamination has completely faded away.
Key pressed, stopping explore.
Exploring the dungeon...
A water moccasin comes into view. (hp=25, hd=3)
A water moccasin is nearby!
Welcome back, Ihatecarrots00 the High Elf Fire Elementalist.
You are playing the Easy difficulty mode, Classic experience mode Press ? for a list of commands and other information.
A water moccasin is nearby!
You can't see any susceptible monsters within range! (Use Z to cast anyway.) Are you sure you want to abandon this character and quit the game? (Confirm with "yes".)

### ### ### *** *** ***
###.#######.####P####.##*,*****,,
................@......S,,,,,,,,,
.####.#.P##..#####.#####,****,***
## ###.###### **# *** *** * #.# *
##.### ###### **#
######P.#.####.#.P#######P#******
...........................,,,,,,
......##P##########........,,,,,,
......#### #..####.#******


You could see a water moccasin (sleeping).

Vanquished Creatures
  A spiny frog (Lair:1)
  A komodo dragon (Lair:1)
  Prince Ribbit (D:7)
  A human (D:7)
  2 hippogriffs
  A phantom (D:7)
  A black bear (D:6)
  5 water moccasins (Lair:1)
  2 ice beasts
  A sky beast (D:6)
  Edmund (D:7)
  3 ogres
  Jessica (D:2)
  2 crocodiles
  An orc warrior (D:6)
  3 big kobolds (D:7)
  2 centaurs
  Sigmund (D:7)
  7 giant frogs
  3 scorpions
  A giant frog zombie (D:6)
  2 centaur skeletons (D:4)
  2 giant frog skeletons
  4 killer bees
  An electric eel (Lair:1)
  5 dart slugs
  A hound (D:7)
  6 howler monkeys
  2 jellies
  Robin (D:4)
  8 giant geckos
  6 iguanas
  22 orcs
  4 orc wizards (D:4)
  2 quasits (D:7)
  4 sheep (D:7)
  11 worker ants
  19 adders
  A ball python (D:3)
  17 bats
  A crimson imp (D:7)
  7 giant cockroaches
  8 goblins
  9 hobgoblins
  10 jackals
  24 kobolds
  6 quokkas
  3 shadow imps
  12 white imps (Lair:1)
  A giant gecko skeleton (D:7)
  A giant gecko zombie (D:5)
  8 giant newts
  2 hound skeletons
  A jackal skeleton (D:7)
  A killer bee zombie (D:6)
  3 quokka skeletons
  2 quokka zombies
  18 rats
  2 worker ant zombies (D:5)
  4 worms
  2 plants (Lair:1)
284 creatures vanquished.

Vanquished Creatures (others)
  A water moccasin (Lair:1)
  13 fungi (D:7)
  A plant (Lair:1)
15 creatures vanquished.

Grand Total: 299 creatures vanquished

Notes
Turn   | Place    | Note
-------+----------+-------------------------------------------
     0 | D:1      | Ihatecarrots00 the High Elf Fire Elementalist began the quest for the Orb.
     0 | D:1      | Reached XP level 1. HP: 34/34 MP: 150/150
   437 | D:1      | Reached XP level 2. HP: 44/44 MP: 143/150
   510 | D:1      | Found a sparkling altar of Nemelex Xobeh.
   914 | D:2      | Reached XP level 3. HP: 54/54 MP: 146/150
  1100 | D:2      | Reached XP level 4. HP: 63/63 MP: 143/150
  1199 | D:2      | Noticed Jessica
  1202 | D:2      | Killed Jessica
  1685 | D:3      | Learned a level 3 spell: Inner Flame
  1800 | D:3      | Reached XP level 5. HP: 73/73 MP: 112/150
  2766 | D:4      | Noticed Robin
  2776 | D:4      | Killed Robin
  3345 | D:4      | HP: 1/73 [cloud of flame (14)]
  4336 | D:5      | Entered Level 5 of the Dungeon
  4566 | D:5      | Found a faded altar of an unknown god.
  4567 | D:5      | Found a shimmering altar of Xom.
  4568 | D:5      | Found a shimmering altar of Xom.
  4568 | D:5      | Found a faded altar of an unknown god.
  4590 | D:5      | Reached XP level 6. HP: 66/83 MP: 128/150
  6097 | D:6      | Found a shattered altar of Ashenzari.
  6196 | D:6      | Found a blossoming altar of Fedhas.
  6482 | D:6      | Identified a +1 rod of inaccuracy (9/9) (You found it on level 4 of the Dungeon)
  6482 | D:6      | Reached XP level 7. HP: 93/93 MP: 150/150
  6962 | D:7      | Entered Level 7 of the Dungeon
  7349 | D:7      | Found a staircase to the Lair.
  8186 | D:7      | Found a burning altar of Makhleb.
  8193 | D:7      | Found a glowing silver altar of Zin.
  8193 | D:7      | Noticed an angel
  8194 | D:7      | Noticed an Executioner
  8372 | D:7      | Noticed Sigmund
  8379 | D:7      | Killed Sigmund
  8398 | D:7      | Noticed Edmund
  8410 | D:7      | Killed Edmund
  8691 | D:7      | Noticed Prince Ribbit
  8698 | D:7      | Killed Prince Ribbit
  9245 | Lair:1   | Entered Level 1 of the Lair of Beasts
  9253 | Lair:1   | Reached XP level 8. HP: 82/93 MP: 125/150
 10094 | Lair:1   | Quit the game

Skill      XL: |  1  2  3  4  5  6  7 |
---------------+----------------------+-----
Stealth        | 2 3 4 |  4.5
Dodging        | 4 |  4.3
Spellcasting   | 4 |  4.7
Fire Magic     | 4 |  4.6
Conjurations   | |  1.0

Action                   |  1- 3 |  4- 6 |  7- 9 || total
-------------------------+-------+-------+-------++-------
Melee: Unarmed           |     2 |   149 |    15 ||   166
       Dagger            |       |       |   148 ||   148
 Fire: Blowgun           |       |       |    50 ||    50
 Cast: Flame Tongue      |    69 |   284 |   246 ||   599
       Inner Flame       |       |    10 |     8 ||    18
Evoke: Wand              |       |     3 |     6 ||     9
  Use: Scroll            |       |    11 |     5 ||    16
       Potion            |       |     4 |     3 ||     7
 Stab: Sleeping          |       |       |     1 ||     1
Armor: Robe              |     1 |    36 |    56 ||    93
Dodge: Dodged            |    48 |   226 |   499 ||   773
